 Dungeon Crawl Stone Soup version 0.32-a0-422-g28b100f618 (webtiles) character file.

Game seed: 464791716164348206

198 snarfax the Shooter (level 5, 0/38 HPs)
             Began as a Coglin Hunter on Feb 21, 2024.
             Slain by an orc
             ... wielding a +0 mace
              (1 damage)
             ... on level 4 of the Dungeon.
             The game lasted 00:06:56 (2830 turns).

snarfax the Shooter (Coglin Hunter)                 Turns: 2830, Time: 00:06:57

Health: 0/38       AC: 12    Str: 11    XL:     5   Next: 77%
Magic:  5/5        EV:  3    Int:  8    God:
Gold:   76         SH:  0    Dex: 20    Spells: 4/4 levels left

rFire   . . .        a - +0 shortbow {Dave}
rCold   + . .        (shield currently unavailable)
rNeg    + . .        e - +0 plate armour
rPois   +            (no helmet)
rElec   .            (no cloak)
rCorr   .            (no gloves)
SInv    .            m - +0 pair of boots
Will    .....        (no amulet) Stlth
                     n - ring of positive energy
HPRegen 0.26/turn    q - ring "Vauryori" {Fly rPois rC+}
MPRegen 0.09/turn

%: no passive effects
@: immotile, flying, revved
A: off-hand wielding, slow wielding, warmup strikes, legs shutdown
a: no special abilities


You were on level 4 of the Dungeon.
You visited 1 branch of the dungeon, and saw 4 of its levels.

You collected 76 gold pieces.

Inventory:

Hand Weapons
 a - a +0 shortbow (weapon) {Dave}
Missiles
 h - 6 curare-tipped darts
Armour
 c - a +0 leather armour
 e - a +0 plate armour (worn)
 m - a +0 pair of boots (worn)
Jewellery
 n - a ring of positive energy (left grasper)
 q - the ring "Vauryori" (right grasper) {Fly rPois rC+}
   (You found it on level 4 of the Dungeon)

   [ring of protection from cold]

   rC+:       It protects you from cold.
   rPois:     It protects you from poison Fly: It grants you flight.
Scrolls
 b - a scroll of butterflies
 j - a scroll of enchant weapon {unknown}
 o - a scroll of brand weapon {unknown}
Potions
 d - 3 potions of haste {unknown}
 f - a potion of berserk rage {unknown}
 g - 2 potions of ambrosia {unknown}
 i - 2 potions of enlightenment {unknown}
 k - a potion of lignification {unknown}
 l - 2 potions of mutation {unknown}
 p - a potion of might {unknown}


   Skills:
 - Level 2.0 Fighting
 * Level 5.1 Ranged Weapons
 + Level 2.1 Armour
 + Level 3.0 Dodging
 - Level 0.7 Stealth


You had 4 spell levels left.
You didn't know any spells.
Your spell library contained the following spells:

 Spells                   Type           Power      Damage    Failure   Level
 Slow                     Hex            0%         N/A       100%        1
 Confusing Touch          Hex            0%         N/A       100%        3
 Dazzling Flash           Conj/Hex       0%         N/A       100%        3
 Mephitic Cloud           Conj/Alch/Air  0%         N/A       100%        3
 Sigil of Binding         Hex            0%         N/A       100%        3
 Vampiric Draining        Necr           0%         2d6       100%        3
 Olgreb's Toxic Radiance  Alch           0%         N/A       100%        4
 Curse of Agony           Necr           0%         N/A       100%        5
 Silence                  Hex/Air        0%         N/A       100%        5
 Ozocubu's Refrigeration  Ice            0%         4d7       100%        7
 Discord                  Hex            0%         N/A       100%        8


Dungeon Overview and Level Annotations

Branches:
Dungeon (4/15)
 Temple: D:4-7

Altars:
Kikubaaqudgha

Shops:
D:1 [   D:4 (


Innate Abilities, Weirdness & Mutations

You can wield a second weapon in your off-hand.
It takes a long time for you to wield or remove held weapons.
Your first few attacks do less damage.
Attacking and casting redirects power from your legs.


Message History

The arrow barely misses the orc.
The orc hits you but does no damage.
The orc priest hits you with a +0 morningstar.
The orc priest completely misses you. The orc hits you with a +0 mace.
You shoot an arrow. The arrow hits the orc priest.
The orc priest is almost dead.
The orc hits you with a +0 mace.
The orc priest begins to cast a cantrip, but forgets the words!
The orc priest shouts, "The Pantheon deserves no one's loyalty.
Let us show you the true path!"
The orc priest hits you but does no damage.
The orc hits you but does no damage.
You shoot an arrow. The arrow hits the orc priest!
You kill the orc priest!
The orc throws a boomerang.
The boomerang hits you but does no damage.
The orc hits you with a +0 mace. The orc hits you but does no damage.
The orc hits you with a +0 war axe.
* * * LOW HITPOINT WARNING * * *
Your Ranged Weapons skill increases to level 5!
Your Dodging skill increases to level 3!
You shoot an arrow. The arrow barely misses the orc.
The orc hits you but does no damage. The orc hits you with a +0 war axe.
* * * LOW HITPOINT WARNING * * *
The orc hits you but does no damage. x2
Unknown command.
You shoot an arrow. The arrow barely misses the orc.
The orc hits you but does no damage. The orc hits you with a +0 war axe.
* * * LOW HITPOINT WARNING * * *
The orc hits you with a +0 mace.
* * * LOW HITPOINT WARNING * * *
The orc hits you but does no damage.
Unknown command.
You shoot an arrow. The arrow closely misses the orc.
The orc barely misses you. The orc hits you but does no damage. x2
The orc hits you with a +0 war axe.
* * * LOW HITPOINT WARNING * * *
You shoot an arrow.
The arrow hits the orc but does no damage.
The orc hits you but does no damage. The orc barely misses you.
The orc hits you with a +0 mace.
You die...

.# #.........##
.# #.........#
.# #..<......#
.# ##........#
.# ##....#..##
# .#
##..###..####.#
..# ####
##..)..# #..#
###....### #..#
#o@..### #..
#oo#..# #.
#..###..# #.##
##.# #. .# ..
.# . .#


You could see 3 orcs.

Vanquished Creatures
  An orc priest (D:4)
  An orc wizard (D:3)
  A gnoll (D:1)
  An adder (D:3)
  4 dart slugs
  A ribbon worm (D:3)
  4 orcs
  8 ball pythons
  6 endoplasms
  4 giant cockroaches
  7 goblins
  5 hobgoblins
  6 jackals
  A quokka (D:1)
  3 bats
  2 frilled lizards (D:1)
  5 kobolds
  4 rats
64 creatures vanquished.

Notes
Turn   | Place    | Note
-------+----------+-------------------------------------------
     0 | D:1      | snarfax the Coglin Hunter began the quest for the Orb.
     0 | D:1      | Reached XP level 1. HP: 16/16 MP: 1/1
   123 | D:1      | Reached XP level 2. HP: 14/22 MP: 2/2
   197 | D:1      | Reached skill level 4 in Ranged Weapons
   319 | D:1      | Reached XP level 3. HP: 21/27 MP: 3/3
   326 | D:1      | Reached skill level 1 in Armour
   410 | D:1      | Found Saocesel's Antique Armour Emporium.
   964 | D:2      | Found a faded altar of an unknown god.
   991 | D:2      | Reached XP level 4. HP: 33/33 MP: 4/4
  1006 | D:2      | Found an ancient bone altar of Kikubaaqudgha.
  1573 | D:3      | Reached XP level 5. HP: 35/38 MP: 5/5
  2390 | D:4      | Found Burahyaf's Weapon Shoppe.
  2405 | D:4      | Found an ancient bone altar of Kikubaaqudgha.
  2498 | D:4      | Identified the ring "Vauryori" {Fly rPois rC+}
  2827 | D:4      | Reached skill level 5 in Ranged Weapons
  2829 | D:4      | HP: 1/38 [orc/+0 war axe (4)]
  2830 | D:4      | Slain by an orc

Illustrated notes

Levels and vault maps discovered:
D:1:      nagdon_arrival_double_spiral, layout_loops_ring, serial_shops,
          nicolae_square_shop
D:2:      minmay_evil_eye, layout_basic, basic_ecumenical_altar, basic_altar
D:3:      minmay_octagon_keep, layout_loops_ring, grunt_ministairs_13
D:4:      layout_layer_cave, mainiacjoe_overflow_paths, serial_shops,
          nicolae_shop_peninsula, uniq_natasha

Skill      XL: |  1  2  3  4  5 |
---------------+----------------+-----
Dodging        | 2 3 |  3.0
Ranged Weapons | 4 5 |  5.1
Armour         | 1 2 |  2.1
Fighting       | |  2.0
Stealth        | |  0.7

Action                     |  1- 3 |  4- 6 || total
---------------------------+-------+-------++-------
   Fire: Shortbow          |    80 |   124 ||   204
    Use: Scroll            |     1 |     4 ||     5
 Armour: Plate armour      |   117 |   152 ||   269
  Dodge: Dodged            |    10 |    19 ||    29

Table legend: (Time is in decaauts)
 A = Elapsed time spent in this place.
 B = Non-inter-level travel time spent in this place.
 C = Inter-level travel time spent in this place.
 D = Time resting spent in this place.
 E = Time spent auto-exploring this place.
 F = Levels seen in this place.
 G = Mean time per level.
                   A        B        C        D        E       F      G
               +--------+--------+--------+--------+--------+-----+--------+
         Total |   3047 |   2935 |    112 |    100 |   2243 |   4 |  761.8 |
       Dungeon |   3047 |   2935 |    112 |    100 |   2243 |   4 |  761.8 |
               +--------+--------+--------+--------+--------+-----+--------+

Top non-repeatable levels by time:
     D:3: 925 daAuts
     D:1: 825 daAuts
     D:2: 730 daAuts
     D:4: 566 daAuts
